[Event "SVK Extraliga 2017-18"]
[Site "Slovakia"]
[Date "2017.09.30"]
[Round "1"]
[White "Mrva, Martin"]
[Black "Chovan, Milan"]
[Result "1-0"]
[ECO "C77"]
[WhiteElo "2394"]
[BlackElo "2292"]
[Annotator "NA"]
[PlyCount "79"]
[EventDate "2017.09.30"]
[EventType "team-tourn"]
[EventCountry "SVK"]
[SourceTitle "playchess.com"]
[Source "ChessBase"]
[SourceQuality "1"]
[TimeControl "40/5400+30:1800+30"]

1. e4 e5 2. Nf3 Nc6 3. Bb5 a6 4. Ba4 Nf6 5. Nc3 b5 6. Bb3 Be7 7. a4 b4 8. Nd5 O-O 9. O-O d6 {[%emt 0:06:53] LiveBook: 3 Games C84: Closed Ruy Lopez: Unusual White 6th moves} 10. Re1 (10. d4 Bg4 11. dxe5 dxe5 12. Be3 Na5 13. Nxf6+ Bxf6 14. Bd5 c6 15. Ba2 Qc7 16. h3 Rfd8 17. Qe2 Bxf3 18. Qxf3 {1-0 (32) Adhiban,B (2682)-Gledura,B (2588) Sharjah 2017}) 10... Rb8 11. h3 Na5 12. d4 $146 ({Predecessor:} 12. Nxe7+ Qxe7 13. Ba2 c5 14. d3 h6 15. Nd2 Be6 16. Bc4 Nxc4 17. Nxc4 {0-1 (71) Nikolova,A (2358)-Levushkina,E (2342) Baku 2016}) 12... Nxb3 13. cxb3 (13. Nxe7+ $11 Qxe7 14. cxb3) 13... Nxd5 14. exd5 f6 15. Qd3 Qd7 16. Bd2 a5 17. Rac1 Kh8 ({Black should play} 17... Bb7 $17 18. Qc4 Bd8 19. dxe5 dxe5) 18. Qc4 Bd8 19. dxe5 fxe5 20. Bg5 Bb7 21. Red1 $2 {[%emt 0:05:40] [#]} (21. Bxd8 $11 {and White is okay.} Rbxd8 22. Ng5) 21... Rxf3 $1 22. gxf3 Bxg5 23. Qxc7 Qd8 24. Rc4 h6 25. Kg2 Ba6 26. Rc6 Qxc7 27. Rxc7 Be2 28. Re1 $19 Bd3 29. Ra7 Bc2 30. Rxa5 Bxb3 31. Rb5 Ra8 32. Ra1 Bd2 33. a5 Ra6 34. Rb6 Bc4 35. b3 Rxb6 36. axb6 Bxd5 37. Rd1 Bb7 38. Rxd2 d5 39. Rc2 d4 40. Rc7 1-0

[Event "SVK Extraliga 2017-18"]
[Site "Slovakia"]
[Date "2017.09.30"]
[Round "1"]
[White "Pcola, Pavol"]
[Black "Szucs, Vladimir"]
[Result "1/2-1/2"]
[ECO "A37"]
[WhiteElo "2374"]
[BlackElo "2142"]
[Annotator "NA"]
[PlyCount "37"]
[EventDate "2017.09.30"]
[EventType "team-tourn"]
[EventCountry "SVK"]
[SourceTitle "playchess.com"]
[Source "ChessBase"]
[SourceQuality "1"]
[TimeControl "40/5400+30:1800+30"]

1. c4 c5 2. g3 g6 3. Bg2 Bg7 4. Nf3 Nc6 5. Nc3 e6 6. O-O Nge7 7. d3 O-O 8. a3 d5 9. Rb1 b6 10. Bd2 Bb7 11. b4 cxb4 12. axb4 {[%emt 0:00:07] LiveBook: 35 Games} dxc4 13. dxc4 Qc8 {[%emt 0:10:04] A37: Symmetrical English vs ...g6: 4 Bg2 Bg7 5 Nf3} (13... a5 14. bxa5 Nxa5 15. Bg5 Bxc3 16. Qxd8 Rfxd8 17. Bxe7 Rd7 18. Bb4 Bxb4 19. Rxb4 Bxf3 20. Bxf3 Rc8 21. Rxb6 Nxc4 {½-½ (33) Bachmann,A (2652)-Popov,I (2618) Benasque 2014}) 14. Ne4 Qc7 $146 ({Predecessor:} 14... Rd8 15. c5 a6 16. Nd6 Qd7 17. Ng5 Rf8 18. Be3 b5 19. Ngxf7 Rxf7 20. Nxf7 Qxd1 21. Rfxd1 Kxf7 {0-1 (34) Panchenko,A-Tolonen,L Volgograd 1974}) 15. Qc2 Nf5 16. e3 a5 17. bxa5 Nxa5 18. Rfc1 Rfc8 19. c5 $11 1/2-1/2

[Event "SVK Extraliga 2017-18"]
[Site "Slovakia"]
[Date "2017.09.30"]
[Round "1"]
[White "Hrabusa, Matej"]
[Black "Veres, Andrej"]
[Result "1-0"]
[ECO "A46"]
[WhiteElo "2359"]
[BlackElo "2232"]
[Annotator "NA"]
[PlyCount "91"]
[EventDate "2017.09.30"]
[EventType "team-tourn"]
[EventCountry "SVK"]
[SourceTitle "playchess.com"]
[Source "ChessBase"]
[SourceQuality "1"]
[TimeControl "40/5400+30:1800+30"]

1. d4 Nf6 2. Nf3 e6 3. Bf4 c5 4. e3 Nc6 5. Nbd2 d5 6. c3 Be7 7. Bd3 Nh5 8. Be5 cxd4 9. exd4 Nxe5 10. Nxe5 Nf6 11. Ndf3 O-O 12. Ng5 g6 13. h4 Nd7 14. Qg4 f5 15. Qh3 Nxe5 16. dxe5 Bxg5 17. hxg5 Rf7 18. f4 b5 19. O-O-O Qb6 20. Kb1 Bd7 21. g4 Rc8 22. gxf5 exf5 23. Bc2 b4 24. Rxd5 bxc3 25. Bb3 Be6 26. Qd3 Qf2 27. bxc3 Qxf4 28. Rd8+ Rxd8 29. Qxd8+ Kg7 30. Bxe6 Qe4+ 31. Kb2 Qg2+ 32. Ka3 Qxh1 33. Bxf7 Qc1+ 34. Kb4 Kxf7 35. Qd7+ Kg8 36. Qe8+ Kg7 37. Qd7+ Kg8 38. e6 Qb2+ 39. Kc4 Qxa2+ 40. Kd3 Qb1+ 41. Kd4 Qe4+ 42. Kc5 Qe3+ 43. Kd6 Qg3+ 44. Ke7 Qxg5+ 45. Ke8 Qf6 46. Qf7+ 1-0

[Event "SVK Extraliga 2017-18"]
[Site "Slovakia"]
[Date "2017.09.30"]
[Round "1"]
[White "Zpevak, Pavel"]
[Black "Hausner, Ivan"]
[Result "1/2-1/2"]
[ECO "A41"]
[WhiteElo "2342"]
[BlackElo "2321"]
[Annotator "NA"]
[PlyCount "24"]
[EventDate "2017.09.30"]
[EventType "team-tourn"]
[EventCountry "SVK"]
[SourceTitle "playchess.com"]
[Source "ChessBase"]
[SourceQuality "1"]
[TimeControl "40/5400+30:1800+30"]

1. d4 d6 2. Nf3 Bg4 3. g3 Bxf3 4. exf3 d5 5. Bg2 e6 6. O-O Ne7 7. Qe2 Nd7 8. f4 g6 9. Nd2 Bg7 10. Nf3 O-O 11. Be3 c6 12. Rfd1 Nf5 1/2-1/2

[Event "SVK Extraliga 2017-18"]
[Site "Slovakia"]
[Date "2017.09.30"]
[Round "1"]
[White "Plachetka, Jan"]
[Black "Vojtek, Vladimir"]
[Result "1-0"]
[ECO "B01"]
[WhiteElo "2337"]
[BlackElo "2295"]
[Annotator "NA"]
[PlyCount "67"]
[EventDate "2017.09.30"]
[EventType "team-tourn"]
[EventCountry "SVK"]
[SourceTitle "playchess.com"]
[Source "ChessBase"]
[SourceQuality "1"]
[TimeControl "40/5400+30:1800+30"]

1. e4 d5 2. exd5 Qxd5 3. Nf3 Bg4 4. Be2 Nc6 5. Nc3 Qd7 6. h3 Bh5 7. O-O Nf6 8. b4 Nxb4 9. Ne5 Qf5 $16 (9... Qd4 $11 {remains equal.} 10. Bxh5 Qxe5) 10. d4 Bxe2 11. Qxe2 c6 12. Rb1 e6 13. Rxb4 Bxb4 14. g4 Nxg4 15. hxg4 Qf6 16. Ne4 Qe7 17. c3 Ba5 18. Nc4 Bc7 19. Ba3 Qd7 20. Ned6+ Bxd6 21. Nxd6+ Kd8 22. Rb1 b6 23. Re1 h5 24. g5 h4 25. Qf3 f6 26. gxf6 gxf6 27. Qxf6+ Kc7 28. Rxe6 Rag8+ 29. Kh2 Rh7 30. Qe5 Kb8 31. Ne8+ Ka8 32. Nf6 Qf7 33. Qe4 Rc8 34. Rxc6 1-0

[Event "SVK Extraliga 2017-18"]
[Site "Slovakia"]
[Date "2017.09.30"]
[Round "1"]
[White "Kusiak, Matej"]
[Black "Hanko, Pavol"]
[Result "1-0"]
[ECO "B41"]
[WhiteElo "2301"]
[BlackElo "2087"]
[Annotator "NA"]
[PlyCount "101"]
[EventDate "2017.09.30"]
[EventType "team-tourn"]
[EventCountry "SVK"]
[SourceTitle "playchess.com"]
[Source "ChessBase"]
[SourceQuality "1"]
[TimeControl "40/5400+30:1800+30"]

1. e4 c5 2. Nf3 e6 3. c4 Nc6 4. Nc3 d6 5. Be2 Nf6 6. d4 cxd4 7. Nxd4 Be7 8. O-O O-O 9. Be3 a6 10. Rc1 Qc7 11. f4 Bd7 12. Bf3 Rac8 13. b3 Qb8 14. a4 Nxd4 15. Qxd4 Bc6 16. a5 Nd7 17. b4 b6 18. axb6 Bf6 19. Qd3 Nxb6 20. Rfd1 Rfd8 21. b5 Ba8 22. Ne2 Na4 23. Qb3 Nc5 24. Qb1 Qb6 25. Nd4 Rb8 26. Qc2 Qc7 27. Rb1 a5 28. Nb3 Na4 29. Nd4 Nc5 30. Nb3 Na4 31. Bd4 Rxb5 32. Bxf6 gxf6 33. h3 Rb4 34. Nd2 Rdb8 35. Rxb4 Rxb4 36. Ra1 Bc6 37. Qd3 Nb2 38. Qc3 e5 39. Kh2 Na4 40. Qd3 Nc5 41. Qe3 Ne6 42. fxe5 dxe5 43. Qh6 Qd8 44. Nf1 Rxc4 45. Ng3 Ng7 46. Ra3 a4 47. Be2 Rb4 48. Rc3 Bb7 49. Bc4 Rb1 50. Nf5 Nxf5 51. exf5 1-0

[Event "SVK Extraliga 2017-18"]
[Site "Slovakia"]
[Date "2017.09.30"]
[Round "1"]
[White "Petran, Peter"]
[Black "Jozefek, Michal"]
[Result "0-1"]
[ECO "A34"]
[WhiteElo "2301"]
[BlackElo "2198"]
[Annotator "NA"]
[PlyCount "86"]
[EventDate "2017.09.30"]
[EventType "team-tourn"]
[EventCountry "SVK"]
[SourceTitle "playchess.com"]
[Source "ChessBase"]
[SourceQuality "1"]
[TimeControl "40/5400+30:1800+30"]

1. g3 c5 2. Bg2 Nf6 3. c4 d5 4. cxd5 Nxd5 5. Nc3 Nc7 6. d3 e5 7. Be3 Nc6 {[%emt 0:03:15] A34: Symmetrical English: 2 Nc3, lines with ...d5} (7... Be7 8. Qb3 Nc6 9. Bxc6+ bxc6 10. Nf3 f6 11. O-O Ne6 12. Rfc1 Bd7 13. Ne4 Rb8 14. Qc2 Nd4 15. Bxd4 cxd4 {½-½ (51) Eljanov,P (2707)-Areshchenko,A (2708) Kiev 2013}) 8. Bxc6+ bxc6 9. Qa4 Bd7 10. Nf3 f6 $1 11. O-O Ne6 12. Qd1 $146 ({Predecessor:} 12. Nd2 Nd4 13. f3 Be7 14. Nc4 h5 {0-1 (25) Deman,P (1850)-Gomet,F (1950) Paris 2002}) 12... Rb8 13. b3 Nd4 14. Ne1 Bh3 15. Ng2 h5 16. Rc1 Qd7 17. f3 h4 18. g4 c4 19. dxc4 Ba3 20. Rb1 f5 21. g5 Qe7 22. Rf2 Rd8 23. Bd2 Ne6 24. Qe1 (24. Kh1 $17 {was necessary.}) 24... Bc5 ({Resist} 24... Nxg5 25. Bxg5 Qxg5 26. b4 $17) 25. e3 Qxg5 26. Kh1 Qh5 27. Na4 Bxg2+ 28. Kxg2 {[%emt 0:00:38] [#]} Ng5 $11 ({Black should try} 28... f4 $1 $19 29. Nxc5 (29. exf4 Qg6+) 29... Nxc5) 29. h3 Bd6 ({Black should play} 29... Be7 $19 30. Ba5 Rd6) 30. Qe2 Qg6 31. Kh1 e4 32. Ba5 Rd7 33. Rg1 Bg3 34. fxe4 Nxh3 35. Rff1 Nxg1 36. Rxg1 fxe4 37. Qg2 Qf5 38. Bb4 a5 39. Rf1 Qg4 40. Bxa5 Rd1 41. Nc3 h3 42. Qg1 Rxf1 43. Qxf1 Rf8 0-1

[Event "SVK Extraliga 2017-18"]
[Site "Slovakia"]
[Date "2017.09.30"]
[Round "1"]
[White "Haring, Viktor"]
[Black "Dovzik, Juri"]
[Result "1-0"]
[ECO "B48"]
[WhiteElo "2297"]
[BlackElo "2308"]
[Annotator "NA"]
[PlyCount "55"]
[EventDate "2017.09.30"]
[EventType "team-tourn"]
[EventCountry "SVK"]
[SourceTitle "playchess.com"]
[Source "ChessBase"]
[SourceQuality "1"]
[TimeControl "40/5400+30:1800+30"]

1. e4 c5 2. Nf3 e6 3. d4 cxd4 4. Nxd4 Nc6 5. Nc3 Qc7 6. Be3 a6 7. Qd2 Nf6 8. f3 Bb4 9. O-O-O Ne7 10. Kb1 Bxc3 11. Qxc3 Qxc3 12. bxc3 d5 13. e5 Nd7 $15 14. f4 b6 15. Ka1 Bb7 16. Bd3 O-O 17. Rb1 b5 18. Rhf1 Rfc8 19. f5 Nxe5 20. fxe6 fxe6 21. Nxe6 Nxd3 22. cxd3 Rxc3 23. Nc5 Bc6 24. Kb2 b4 25. Bd4 Ra3 26. Rbe1 Ng6 27. h4 Nxh4 28. Re7 1-0

[Event "SVK Extraliga 2017-18"]
[Site "Slovakia"]
[Date "2017.09.30"]
[Round "1"]
[White "Kantorik, Marian"]
[Black "Jacko, Vladimir"]
[Result "1-0"]
[ECO "A70"]
[WhiteElo "2293"]
[BlackElo "2310"]
[Annotator "NA"]
[PlyCount "70"]
[EventDate "2017.09.30"]
[EventType "team-tourn"]
[EventCountry "SVK"]
[SourceTitle "playchess.com"]
[Source "ChessBase"]
[SourceQuality "1"]
[TimeControl "40/5400+30:1800+30"]

1. d4 e6 2. c4 c5 3. d5 exd5 4. cxd5 d6 5. Nc3 g6 6. e4 Bg7 7. Nf3 Nf6 8. h3 O-O 9. Bd3 b5 10. Bxb5 Nxe4 11. Nxe4 Qa5+ 12. Nfd2 Qxb5 13. Nxd6 Qb4 14. O-O Ba6 15. Re1 Nd7 16. Re4 Qb8 17. N2c4 Nf6 18. Rh4 Rd8 19. Bf4 g5 20. Bxg5 Rxd6 21. Nxd6 Qxd6 22. Qc2 h6 23. Bxh6 Qxd5 24. Rd1 Qe5 25. Bxg7 Kxg7 26. Qd2 Ng8 27. Re1 Qf6 28. Rg4+ Kf8 29. Qe3 Rc8 30. Qe4 Nh6 31. Rf4 Qg5 32. h4 Qg7 33. Re3 f5 34. Qe6 Bb7 35. Rg3 Re8 1-0

[Event "SVK Extraliga 2017-18"]
[Site "Slovakia"]
[Date "2017.09.30"]
[Round "1"]
[White "Cibickova, Zuzana"]
[Black "Pinter, Erik"]
[Result "1/2-1/2"]
[ECO "B35"]
[WhiteElo "2284"]
[BlackElo "2393"]
[Annotator "NA"]
[PlyCount "99"]
[EventDate "2017.09.30"]
[EventType "team-tourn"]
[EventCountry "SVK"]
[SourceTitle "playchess.com"]
[Source "ChessBase"]
[SourceQuality "1"]
[TimeControl "40/5400+30:1800+30"]

1. e4 c5 2. Nf3 Nc6 3. d4 cxd4 4. Nxd4 g6 5. Nc3 Bg7 6. Be3 Nf6 7. Bc4 O-O 8. Bb3 d6 9. f3 Bd7 10. Qd2 Nxd4 11. Bxd4 b5 12. a4 bxa4 {[%emt 0:01:31] B77: Sicilian Dragon: Yugoslav Attack, 9 Bc4 sidelines} (12... b4 13. Nd5 Nxd5 14. Bxg7 Kxg7 15. exd5 Qb6 16. h4 h5 17. O-O-O Qa5 18. g4 Bxa4 19. Kb1 Bxb3 20. cxb3 {0-1 (33) Vachier Lagrave,M (2796)-Giri,A (2771) Stavanger 2017}) 13. Bxa4 a5 14. O-O {[%emt 0:07:41] LiveBook: 6 Games} Be6 15. Nd5 $146 ({Predecessor:} 15. Nd1 Qc7 16. Ne3 Rfc8 17. Bb5 Qb7 18. c4 Bd7 19. Bxd7 Nxd7 20. Nd5 Bf8 21. Rxa5 Rxa5 22. Qxa5 Rxc4 23. Bc3 e6 24. Ne3 Rc8 25. Rd1 Qb6 26. Qxb6 Nxb6 27. Bd4 {½-½ (27) Nigmatov,O (2331)-Ali,M (2423) Tashkent 2017}) 15... Nd7 16. Bxg7 Kxg7 17. Bxd7 Bxd7 18. Qd4+ e5 $1 19. Qb6 Be6 20. Nc7 Rb8 21. Nxe6+ fxe6 22. Qxd8 Rfxd8 23. Rxa5 Rxb2 24. Ra7+ Kf6 25. Rxh7 Rxc2 26. h4 Rg8 27. g4 g5 28. Rh6+ Kf7 29. hxg5 Rxg5 30. Ra1 Rg6 31. Rxg6 Kxg6 32. Rd1 Rc6 33. Kf2 Rb6 34. Rd3 Rc6 35. Kg3 Rb6 36. Rd2 Rc6 37. Kf2 Rb6 38. Ke3 Rc6 39. Rd3 Rb6 40. Kf2 Rc6 41. Kg3 Rb6 42. Kh4 Rc6 43. Kh3 Rb6 $11 44. Kh4 Rc6 45. Kg3 Kg5 46. Rd2 Kg6 47. Kh4 Rb6 48. Rd1 Rc6 49. Rd2 Rb6 50. Rd1 1/2-1/2

[Event "SVK Extraliga 2017-18"]
[Site "Slovakia"]
[Date "2017.09.30"]
[Round "1"]
[White "Federic, Jozef"]
[Black "Meszaros, Michal"]
[Result "1/2-1/2"]
[ECO "D25"]
[WhiteElo "2271"]
[BlackElo "2362"]
[Annotator "NA"]
[PlyCount "58"]
[EventDate "2017.09.30"]
[EventType "team-tourn"]
[EventCountry "SVK"]
[SourceTitle "playchess.com"]
[Source "ChessBase"]
[SourceQuality "1"]
[TimeControl "40/5400+30:1800+30"]

1. d4 Nf6 2. Nf3 d5 3. c4 dxc4 4. e3 a6 {[%emt 0:00:39] D25: Queen's Gambit Accepted: 4 e3: sidelines and 4...Bg4} (4... e6 5. Bxc4 c5 6. O-O a6 7. dxc5 Qxd1 8. Rxd1 Bxc5 9. Be2 Nbd7 10. Nfd2 b6 11. Nb3 Be7 12. f3 Nc5 13. Nd4 Bb7 14. e4 O-O 15. Be3 b5 16. Nc3 g6 17. Rac1 {½-½ (70) Grischuk,A (2783)-Navara,D (2737) Tbilisi 2017}) 5. Bxc4 Nc6 6. O-O Bg4 7. Be2 e6 8. Nc3 Bd6 9. b3 O-O 10. Bb2 Re8 11. Rc1 $146 ({Predecessor:} 11. Nd2 Bxe2 12. Qxe2 e5 13. d5 Ne7 14. Rfd1 Bb4 15. e4 Ng6 {1-0 (48) Noe,C (2225)-Lerch,P (2096) Oberhof 2012}) 11... Qe7 12. Ne5 Bxe2 13. Nxe2 Nb4 (13... Bxe5 $5 14. dxe5 Ng4 $11) 14. a3 Nbd5 15. Nc4 b5 16. Nxd6 cxd6 17. Qd3 Qb7 18. Rc2 Rac8 19. Rfc1 Ne7 20. Bc3 Rc6 21. Be1 Rec8 22. f3 Rxc2 23. Rxc2 Rxc2 24. Qxc2 Qc6 25. Qxc6 Nxc6 26. Kf2 d5 27. Nc1 Kf8 28. Nd3 Nd7 29. Ke2 Ke7 $11 1/2-1/2

[Event "SVK Extraliga 2017-18"]
[Site "Slovakia"]
[Date "2017.09.30"]
[Round "1"]
[White "Lisko, Frantisek"]
[Black "Zambor, Norbert"]
[Result "0-1"]
[ECO "D38"]
[WhiteElo "2251"]
[BlackElo "2261"]
[Annotator "NA"]
[PlyCount "54"]
[EventDate "2017.09.30"]
[EventType "team-tourn"]
[EventCountry "SVK"]
[SourceTitle "playchess.com"]
[Source "ChessBase"]
[SourceQuality "1"]
[TimeControl "40/5400+30:1800+30"]

1. d4 Nf6 2. c4 e6 3. Nc3 Bb4 4. Nf3 O-O 5. Bg5 d5 6. e3 h6 7. Bh4 g5 8. Bg3 Ne4 9. Qc2 c5 10. Bd3 f5 11. h4 g4 12. Bxb8 Rxb8 13. Ne5 cxd4 14. exd4 Kg7 15. Qb3 Bd6 16. Bxe4 dxe4 17. f3 exf3 18. gxf3 Bxe5 19. dxe5 Qd4 20. fxg4 fxg4 21. Rf1 Bd7 22. Ke2 Bc6 23. Nb5 Bf3+ 24. Ke1 Qxe5+ 25. Kd2 Rbd8+ 26. Kc1 Qf4+ 27. Kc2 Qd2+ 0-1

[Event "SVK Extraliga 2017-18"]
[Site "Slovakia"]
[Date "2017.09.30"]
[Round "1"]
[White "Spacek, Oliver"]
[Black "Briestensky, Rastislav"]
[Result "0-1"]
[ECO "E67"]
[WhiteElo "2250"]
[BlackElo "2292"]
[Annotator "NA"]
[PlyCount "94"]
[EventDate "2017.09.30"]
[EventType "team-tourn"]
[EventCountry "SVK"]
[SourceTitle "playchess.com"]
[Source "ChessBase"]
[SourceQuality "1"]
[TimeControl "40/5400+30:1800+30"]

1. Nf3 Nf6 2. d4 g6 3. c4 Bg7 4. Nc3 O-O 5. g3 d6 6. Bg2 Nbd7 7. O-O e5 8. b3 Re8 9. Bb2 c6 10. e3 e4 {[%emt 0:08:38] LiveBook: 40 Partien} 11. Nd2 d5 12. a4 {[%emt 0:00:57] E67: King's Indian: Fianchetto: 6...Nbd7} (12. f3 exf3 13. Qxf3 Nb6 14. c5 Bg4 15. Qf4 Nbd7 16. e4 Be6 17. exd5 Nxd5 18. Nxd5 cxd5 19. b4 Nf6 20. Rae1 Qd7 21. Nf3 {0-1 (51) Malakhov,V (2713)-Amonatov,F (2620) Doha 2016}) 12... Bf8 $146 ({Predecessor:} 12... Nf8 $11 {keeps the balance.} 13. Ba3 a6 14. b4 h5 15. b5 N8h7 16. bxc6 bxc6 17. Qb3 Ng5 18. Rab1 Qd7 19. Qb6 Qf5 20. f4 exf3 21. Nxf3 Nxf3+ 22. Rxf3 Qg5 23. Bd6 {½-½ (23) Bretsnajdr,V (2305)-Halasz,T (2415) Dortmund 1990}) 13. cxd5 cxd5 14. f3 Bh6 15. f4 Nb8 16. b4 Nc6 17. b5 Ne7 18. h3 Bg7 19. Rf2 Be6 20. Ba3 Qd7 21. Kh2 h5 $17 22. Qe2 Rac8 23. Rc1 Nf5 24. Nf1 Rc4 25. Qb2 Rec8 26. Rfc2 Qc7 27. Kg1 Qa5 28. Qb3 Ne8 29. g4 hxg4 30. Ne2 Rxc2 31. Rxc2 Rxc2 32. Qxc2 gxh3 33. Bxh3 Nxd4 34. Nxd4 Bxh3 35. Qd1 Qc3 36. Nc2 Bxf1 37. Kxf1 Qc4+ 38. Qe2 Qxa4 39. Bc5 Nc7 40. b6 Ne6 41. Bd6 axb6 42. Nb4 Qd7 43. Be5 Bxe5 44. fxe5 d4 45. Qc4 b5 46. Qa2 Qc8 47. Kg2 Qc4 0-1

[Event "SVK Extraliga 2017-18"]
[Site "Slovakia"]
[Date "2017.09.30"]
[Round "1"]
[White "Istona, Martin"]
[Black "Zetocha, Claudiu"]
[Result "0-1"]
[ECO "B47"]
[WhiteElo "2240"]
[BlackElo "2348"]
[Annotator "NA"]
[PlyCount "80"]
[EventDate "2017.09.30"]
[EventType "team-tourn"]
[EventCountry "SVK"]
[SourceTitle "playchess.com"]
[Source "ChessBase"]
[SourceQuality "1"]
[TimeControl "40/5400+30:1800+30"]

1. e4 c5 2. Nf3 e6 3. d4 cxd4 4. Nxd4 Nc6 5. Nc3 Qc7 6. f4 a6 7. Nxc6 bxc6 8. Bd3 d5 9. O-O {[%emt 0:01:02] LiveBook: 131 Partien} Nf6 10. Qe2 Be7 {[%emt 0:02:43] B46: Sicilian: Taimanov: 5 Nc3 a6} 11. Bd2 Nd7 $146 ({Predecessor:} 11... O-O 12. Rae1 g6 13. Kh1 Bb7 14. b3 Rfe8 15. e5 Nd7 16. Na4 c5 17. c4 d4 18. Be4 {½-½ (55) Quesada Perez,Y (2630)-Kacheishvili,G (2590) Saint Louis 2017}) 12. Rae1 Nc5 13. Kh1 Bb7 14. f5 d4 (14... O-O $11) 15. Nd1 Nxd3 16. cxd3 e5 17. Nf2 a5 18. Qg4 g6 (18... Kf8 $11 {keeps the balance.}) 19. Qg3 O-O-O 20. Qf3 Kb8 21. Rc1 c5 $16 22. b4 axb4 23. Bxb4 Rc8 24. Bd2 Ba6 25. Qd1 Ka7 26. Qc2 c4 27. dxc4 Qxc4 28. Qxc4 Bxc4 29. Rfe1 Ba3 30. Rb1 Rb8 31. Ng4 Rxb1 32. Rxb1 Re8 33. Nf6 Rc8 34. Nxh7 gxf5 35. exf5 e4 36. Ng5 e3 37. Be1 d3 38. Nf3 Bd5 39. Nd4 Ka6 40. Nb5 Bxa2 0-1

[Event "SVK Extraliga 2017-18"]
[Site "Slovakia"]
[Date "2017.09.30"]
[Round "1"]
[White "Zvarik, Martin"]
[Black "Caletka, Radomir"]
[Result "1-0"]
[ECO "A45"]
[WhiteElo "2237"]
[BlackElo "2337"]
[Annotator "NA"]
[PlyCount "107"]
[EventDate "2017.09.30"]
[EventType "team-tourn"]
[EventCountry "SVK"]
[SourceTitle "playchess.com"]
[Source "ChessBase"]
[SourceQuality "1"]
[TimeControl "40/5400+30:1800+30"]

1. d4 Nf6 2. Bg5 Ne4 3. Bh4 c5 4. f3 g5 5. fxe4 gxh4 6. e3 Qb6 7. b3 Bh6 8. Qd3 Nc6 9. c3 d6 10. Nd2 $11 Bd7 11. Ngf3 h3 12. g3 Qc7 13. Be2 O-O-O 14. d5 Nb8 15. Nh4 Bg7 16. O-O Rdf8 17. Bh5 Bf6 18. Rxf6 exf6 19. Qf1 Qd8 20. Qf4 Kc7 21. a4 Rhg8 22. Nc4 Qe7 23. b4 Na6 24. b5 Nb8 25. b6+ axb6 26. Rb1 Bc8 27. Rxb6 Rd8 28. a5 Rg5 29. Be2 h5 30. Kf2 Bg4 31. Na3 Bd7 32. Ke1 Qe5 33. Kd2 Qxf4 34. exf4 Rg7 35. Nf5 Bxf5 36. exf5 Nd7 37. Nb5+ Kb8 38. Rxd6 h4 39. g4 Rgg8 40. c4 Rge8 41. Bf3 Rg8 42. a6 bxa6 43. Rxa6 Kb7 44. Ra7+ Kb6 45. d6 Nb8 46. Rb7+ Ka5 47. Kc3 Rd7 48. Nc7 Rxd6 49. Rb5+ Ka4 50. Be4 Nc6 51. Bc2+ Ka3 52. Rb6 Nb4 53. Nb5+ Ka2 54. Bb3+ 1-0

[Event "SVK Extraliga 2017-18"]
[Site "Slovakia"]
[Date "2017.09.30"]
[Round "1"]
[White "Tropp, Oliver"]
[Black "Kovacik, Emil"]
[Result "1-0"]
[ECO "A21"]
[WhiteElo "2222"]
[BlackElo "2115"]
[Annotator "NA"]
[PlyCount "67"]
[EventDate "2017.09.30"]
[EventType "team-tourn"]
[EventCountry "SVK"]
[SourceTitle "playchess.com"]
[Source "ChessBase"]
[SourceQuality "1"]
[TimeControl "40/5400+30:1800+30"]

1. c4 e5 2. Nc3 d6 3. d3 Nc6 4. Nf3 g6 5. Nd5 Bg7 6. Bg5 f6 7. Bd2 Nce7 8. Nc3 f5 9. e4 Nf6 10. Qc2 O-O 11. h4 c6 12. Bg5 h6 13. Bd2 $17 Qc7 14. Rc1 Be6 15. b3 Rac8 16. Be2 d5 17. cxd5 cxd5 18. Qb1 Qb8 19. O-O Kh7 20. Rfe1 d4 21. Na4 Qd6 22. b4 b6 23. b5 Rxc1 24. Bxc1 Rc8 25. g3 fxe4 26. dxe4 Nxe4 27. Qxe4 Bd5 28. Qb1 e4 29. Bf4 Qa3 30. Bd1 exf3 31. h5 d3 32. Bb3 Bxb3 33. Qxd3 Qb4 34. Bd2 1-0

[Event "SVK Extraliga 2017-18"]
[Site "Slovakia"]
[Date "2017.09.30"]
[Round "1"]
[White "Bombek, Peter"]
[Black "Hros, Roman"]
[Result "1/2-1/2"]
[ECO "A48"]
[WhiteElo "2207"]
[BlackElo "2181"]
[Annotator "NA"]
[PlyCount "83"]
[EventDate "2017.09.30"]
[EventType "team-tourn"]
[EventCountry "SVK"]
[SourceTitle "playchess.com"]
[Source "ChessBase"]
[SourceQuality "1"]
[TimeControl "40/5400+30:1800+30"]

1. d4 Nf6 2. Nf3 g6 3. Bg5 Bg7 4. Nbd2 c5 5. e3 O-O 6. Be2 b6 7. O-O Bb7 8. c4 cxd4 9. Nxd4 Nc6 10. Bf3 Qc8 11. Rc1 Ne5 12. Bxb7 Qxb7 13. N2f3 Nxf3+ 14. Qxf3 Qxf3 15. gxf3 Rfc8 16. b3 Kf8 17. Rfd1 Ke8 18. Rd3 d5 19. Rdc3 Kd7 20. Ne2 dxc4 21. Rxc4 Rxc4 22. Rxc4 Rc8 23. Rxc8 Kxc8 24. Bxf6 Bxf6 25. Kf1 Kd7 26. Nf4 Be5 27. Nd3 Bd6 28. f4 h6 29. h3 Ke6 30. e4 g5 31. f5+ Kf6 32. Ke2 e6 33. fxe6 fxe6 34. Ke3 Kg6 35. f4 gxf4+ 36. Nxf4+ Bxf4+ 37. Kxf4 Kf6 38. e5+ Kg6 39. Kg4 h5+ 40. Kf4 Kh6 41. a3 Kg6 42. h4 1/2-1/2

[Event "SVK Extraliga 2017-18"]
[Site "Slovakia"]
[Date "2017.09.30"]
[Round "1"]
[White "Zatko, Gregor"]
[Black "Varga, Lukas"]
[Result "1-0"]
[ECO "A45"]
[WhiteElo "2205"]
[BlackElo "2096"]
[Annotator "NA"]
[PlyCount "45"]
[EventDate "2017.09.30"]
[EventType "team-tourn"]
[EventCountry "SVK"]
[SourceTitle "playchess.com"]
[Source "ChessBase"]
[SourceQuality "1"]
[TimeControl "40/5400+30:1800+30"]

1. d4 Nf6 2. Bg5 e6 3. e4 c5 4. d5 Qa5+ 5. Bd2 Qb6 6. Nc3 a6 7. Nf3 d6 8. dxe6 Bxe6 9. Ng5 Nc6 10. Nxe6 fxe6 11. Bc4 Nd4 12. O-O Qc6 13. Re1 Be7 14. a4 Rd8 15. Ne2 Nxe4 16. Nxd4 cxd4 17. Bxe6 d5 18. Qh5+ g6 19. Qe5 Rf8 20. Bb4 Rxf2 21. Bxe7 Rxg2+ 22. Kxg2 Qxc2+ 23. Kh1 1-0

[Event "SVK Extraliga 2017-18"]
[Site "Slovakia"]
[Date "2017.09.30"]
[Round "1"]
[White "Najgebauer, Szemjon"]
[Black "Haring, Filip"]
[Result "0-1"]
[ECO "E32"]
[WhiteElo "2202"]
[BlackElo "2232"]
[Annotator "NA"]
[PlyCount "80"]
[EventDate "2017.09.30"]
[EventType "team-tourn"]
[EventCountry "SVK"]
[SourceTitle "playchess.com"]
[Source "ChessBase"]
[SourceQuality "1"]
[TimeControl "40/5400+30:1800+30"]

1. d4 Nf6 2. c4 e6 3. Nc3 Bb4 4. Qc2 O-O 5. a3 $11 {[%emt 0:01:09] LiveBook: 7780 Games} Bxc3+ $1 6. Qxc3 d5 7. Bg5 dxc4 8. Qxc4 b6 9. Nf3 Ba6 10. Qc2 Nbd7 11. Ne5 Qc8 12. Nc6 Qb7 13. g3 b5 14. Bg2 Qb6 15. O-O Bb7 16. Rac1 Rfe8 17. Rfd1 a5 18. h3 b4 19. axb4 axb4 20. e4 Qb5 21. Bf4 b3 22. Qc3 Nb6 23. Rd2 Ra4 24. Qc5 Qxc5 25. dxc5 Nc4 26. Rd4 Nxb2 27. Rxa4 Nxa4 28. Na5 b2 29. Rb1 Bxe4 30. Bxe4 Nxe4 31. Nc4 Nec3 32. Nxb2 Nxb1 33. Nxa4 e5 34. Be3 c6 35. Nb6 Nc3 36. f3 Nd5 37. Bf2 Nxb6 38. cxb6 f6 39. Bc5 Kf7 40. f4 Ke6 0-1